Map: Daybreak LE (Void)

Players

System - Winner!

  • Race: Zerg Zerg
  • League: Diamond
  • Spawn Location: 1:00

Musumeci

  • Race: Zerg Zerg
  • League: Diamond
  • Spawn Location: 7:00

VOD

Have the link to the VOD?

Description

Time

  • Played on: Jan. 10, 2017, 4:17 p.m.
  • Length: 11:00
Show
View Real Time Build Order
Export as new Build Order

System Zerg - Winner!

Build Orders: Hatch First, Zergling Baneling 

Get SALT Encoding   

  12  0:01  Drone  
  13  0:09  Drone  
  14  0:19  Overlord  
  14  0:26  Drone, Extractor  
  15  0:37  Drone  
  15  0:38  Drone  
  17  0:45  Drone  
  18  0:58  Hatchery  
  18  1:02  Drone  
  18  1:08  Drone  
  19  1:16  Extractor  
  19  1:17  Drone  
  19  1:28  Spawning Pool  
  19  1:29  Drone  
  19  1:42  Overlord  
  19  1:50  Drone  
  20  2:05  Hatchery  
  19  2:14  Queen  
  21  2:18  Metabolic Boost  
  21  2:22  Zergling x2  
  22  2:25  Zergling x2  
  23  2:32  Overlord  
  23  2:37  Overlord  
  23  2:40  Drone  
  24  2:46  Drone  
  24  2:47  Drone  
  24  2:50  Drone  
  27  2:59  Baneling Nest  
  26  3:08  Drone x4  
  30  3:13  Drone  
  30  3:18  Queen  
  33  3:21  Drone  
  33  3:27  Zergling x4  
  36  3:33  Zergling x4  
  36  3:34  Zergling x2  
  38  3:41  Zergling x2  
  38  3:42  Zergling x6  
  38  3:45  Baneling x3  
  38  3:46  Baneling  
  42  3:50  Zergling x4  
  44  3:59  Queen  
  41  4:15  Zergling x2  
  41  4:16  Zergling x16  
  48  4:18  Baneling x3  
  48  4:30  Drone  
  49  4:32  Overlord x3  
  49  4:44  Baneling  
  49  4:45  Baneling  
  45  5:14  Baneling x2  
  45  5:15  Drone  
  45  5:16  Drone x14  
  60  5:25  Zergling x2  
  58  5:38  Extractor, Roach Warren  
  58  5:39  Baneling x3  
  58  5:40  Extractor  
  58  5:41  Zergling x2  
  58  5:42  Zergling x10  
  55  5:52  Zergling x10  
  55  5:53  Zergling x10  
  57  6:08  Baneling x3  
  57  6:10  Zergling x10  
  60  6:17  Roach  
  60  6:18  Roach  
  64  6:28  Roach  
  64  6:29  Roach  
  68  6:44  Overlord x2  
  67  6:53  Overlord x2  
  67  6:57  Baneling  
  67  6:58  Baneling x2  
  67  7:07  Roach x5  
  68  7:17  Roach x2  
  71  7:28  Extractor  
  71  7:29  Lair  
  70  7:32  Drone x2  
  72  7:37  Hatchery  
  72  7:42  Roach x3  
  72  7:43  Roach x2  
  73  7:55  Roach x5  
  81  8:00  Drone x2  
  83  8:10  Roach x2  
  87  8:19  Evolution Chamber  
  86  8:35  Glial Reconstitution  
  86  8:41  Roach  
  86  8:42  Roach x5  
  98  8:56  Zergling x2  
  98  8:57  Overlord x3  
  98  8:58  Overlord x2  
  99  9:16  Hatchery  
  98  9:25  Hatchery  
  95  9:36  Roach  
  95  9:37  Roach x9  
  114  9:45  Queen  
  84  10:18  Drone x5  
  84  10:19  Drone x2  
  77  10:29  Roach x2  
  71  10:40  Drone x2  
Show
View Real Time Build Order
Export as new Build Order

Musumeci Zerg 

Build Orders: Hatch First 

Get SALT Encoding   

  12  0:03  Drone  
  13  0:08  Drone  
  14  0:15  Drone, Extractor  
  15  0:45  Hatchery  
  15  0:49  Drone, Extractor  
  15  1:00  Spawning Pool  
  14  1:06  Drone, Extractor  
  14  1:17  Drone, Extractor  
  14  1:20  Overlord  
  15  1:39  Drone  
  17  1:40  Drone x2  
  17  1:46  Queen  
  20  1:52  Zergling x2  
  21  2:03  Queen  
  21  2:08  Drone  
  24  2:11  Drone  
  25  2:18  Metabolic Boost  
  25  2:27  Overlord  
  25  2:31  Zergling x2  
  25  2:36  Baneling Nest  
  25  2:39  Zergling x2  
  26  2:45  Zergling x2  
  26  2:46  Zergling x2  
  28  3:00  Zergling x6  
  30  3:08  Zergling x8  
  34  3:14  Drone  
  34  3:19  Baneling  
  35  3:20  Baneling  
  35  3:23  Zergling x2  
  36  3:45  Overlord x2  
  36  3:49  Evolution Chamber  
  36  3:54  Zergling x2  
  29  4:15  Zergling x2  
  29  4:16  Zergling x14  
  32  4:21  Zerg Ground Armor Level 1  
  32  4:22  Drone x2  
  34  4:26  Drone  
  34  4:29  Drone  
  35  4:41  Zergling x6  
  35  4:43  Drone  
  39  4:46  Drone  
  39  4:50  Baneling  
  39  4:51  Baneling x2  
  37  5:17  Baneling x4  
  37  5:21  Zergling x12  
  37  5:22  Zergling x8  
  45  5:32  Baneling  
  44  5:38  Zergling x8  
  44  5:40  Baneling x2  
  45  6:00  Baneling x3  
  43  6:06  Zergling x8  
  46  6:35  Zerg Melee Weapons Level 1  
  45  6:58  Zergling x12  
  46  7:22  Zergling x24  
  52  7:35  Baneling x2  
  49  7:39  Zergling x8  
  49  7:40  Hatchery  
  46  7:48  Zergling x10  
  50  7:57  Zergling x4  
  45  8:04  Extractor  
  45  8:05  Drone  
  45  8:07  Extractor  
  44  8:26  Drone  
  48  8:27  Drone x6  
  48  8:28  Spine Crawler  
  48  8:29  Spine Crawler  
  48  8:30  Spine Crawler, Roach Warren  
  41  9:02  Drone x7  
  48  9:03  Drone x2  
  51  9:11  Roach x3  
  55  9:29  Overlord x2  
  55  9:30  Overlord x3  
  51  9:51  Roach x9  
  68  9:52  Baneling  
  68  9:53  Baneling  
  66  10:04  Ravager  
  63  10:18  Roach x9  
  64  10:28  Roach x2  
Tags
 
Add a new tag
Caveats
  • Supply blocks, unpowered buildings, or Contaminate may cause inaccurate times.
  • Supply counts are checked every 10 seconds.